 Dungeon Crawl Stone Soup version 0.25.0-1-g7eea58d2a3 (webtiles) character file.

Game seed: 8780489538917368720

475 Esekla the Grave Robber (level 7, 0/45 HPs)
             Began as an Octopode Necromancer on June 14, 2020.
             Was an Initiate of Gozag.
             Slain by a slave (2 damage)
             ... led by Pikel
             ... on level 4 of the Dungeon.
             The game lasted 00:37:00 (4701 turns).

Esekla the Grave Robber (Octopode Necromancer)      Turns: 4701, Time: 00:37:01

Health: 0/45       AC:  1    Str:  7    XL:     7   Next: 10%
Magic:  2/11       EV: 13    Int: 20    God:    Gozag
Gold:   191        SH:  5    Dex: 12    Spells: 9/12 levels left

rFire    . . .     SeeInvis +   o - +1 short sword (drain)
rCold    . . .     Gourm    .   k - +1 buckler
rNeg     . . .     Faith    .   (helmet restricted)
rPois    .         Spirit   .   (no amulet)
rElec    .         Reflect  .   p - ring of see invisible
rCorr    .         Harm     .   (no ring)
MR       .....                  (no ring)
Stlth    +++.......             (no ring)
HPRegen  0.15/turn              (no ring)
MPRegen  0.12/turn              (no ring)
                                (no ring)
                                (no ring)

@: hasted, very quick
A: almost no armour, stealthy swim, amphibious, 8 rings, constrict 8, camouflage
1, gelatinous body 1
a: Potion Petition, Call Merchant, Bribe Branch, Renounce Religion


You were on level 4 of the Dungeon.
You worshipped Gozag.
Gozag was aware of your devotion.
You were very hungry.

You visited 2 branches of the dungeon, and saw 5 of its levels.
You also visited: Sewer.

You collected 245 gold pieces.
You paid 54 gold pieces to Gozag.

Inventory:

Hand Weapons
 d - a +0 spear
 o - a +1 short sword of draining (weapon)
Missiles
 f - 20 poisoned darts (quivered)
Armour
 k - a +1 buckler (worn)
Jewellery
 p - a ring of see invisible (left tentacle)
Wands
 r - a wand of flame (20)
Scrolls
 a - 2 scrolls of identify
 c - 5 scrolls of remove curse
 m - a scroll of enchant weapon
Potions
 e - 7 potions of curing
 h - a potion of flight {unknown}
 j - a potion of haste
 l - 4 potions of brilliance {unknown}
 n - 2 potions of might
 q - a potion of ambrosia {unknown}
Comestibles
 b - 7 rations


   Skills:
 * Level 2.1 Fighting
 + Level 3.6 Short Blades
 + Level 1.8 Throwing
 * Level 3.1 Dodging
 - Level 3.0 Stealth
 * Level 1.9 Shields
 * Level 3.1 Spellcasting
 + Level 4.5 Necromancy


You had 9 spell levels left.
You knew the following spells:

 Your Spells              Type           Power        Failure   Level  Hunger
d - Vampiric Draining     Necr           ###.......   9%          3    ###....

Your spell library contained the following spells:

 Spells                   Type           Power        Failure   Level  Hunger
 Animate Skeleton         Necr           N/A          2%          1    None
 Pain                     Necr           ###.         2%          1    None
 Animate Dead             Necr           N/A          26%         4    ####...
 Agony                    Necr           ###.....     58%         5    ######.


Dungeon Overview and Level Annotations

Branches:
Dungeon (4/15)             Temple (1/1) D:4           Sewer (visited)

Altars:
Ashenzari
Cheibriados
Elyvilon
Fedhas
Gozag
Hepliaklqana
Kikubaaqudgha
Makhleb
Okawaru
Qazlal
Ru
Sif Muna
Trog
Uskayaw
Xom
Zin

Annotations:
D:4 Pikel


Innate Abilities, Weirdness & Mutations

You cannot wear most types of armour.
You are very stealthy in the water. (Stealth+)
You are amphibious.
You can wear up to eight rings at the same time.
You can use your tentacles to constrict eight enemies at once.
Your skin changes colour to match your surroundings (Stealth+).
Your rubbery body absorbs attacks. (AC +1, EV +1)


Message History

Pikel is almost dead.
You constrict Pikel, but do no damage. The slave completely misses you.
You hit Pikel but do no damage.
Pikel is almost dead.
You constrict Pikel, but do no damage.
Pikel hits you with a +2 whip of flaming!
Pikel burns you.
The phantom blinks!
The slave hits you. x2
* * * LOW HITPOINT WARNING * * *
The slave hits you!
* * * LOW HITPOINT WARNING * * *
You hit Pikel but do no damage. You drain Pikel.
Pikel is almost dead.
You constrict Pikel, but do no damage. The slave closely misses you.
Pikel hits you with a +2 whip of flaming.
* * * LOW HITPOINT WARNING * * *
Pikel burns you.
* * * LOW HITPOINT WARNING * * *
The phantom blinks!
The slave hits you.
You die...
Your body crumbles into a pile of gold.

+.......#
#########
#....#
#....##
+.....#
#.....#
#§..W.#
#..Kpp#
#..p@p#
#####§#
.# .# .#
.# .# ##


You could see Pikel (drained), a phantom and 4 slaves.

Vanquished Creatures
  2 big kobolds (Sewer)
  Terence (D:2)
  Natasha (twice) (D:3)
  2 worker ants (D:4)
  3 gnolls
  5 adders
  2 river rats (Sewer)
  An ooze (D:1)
  A worm (D:3)
  A dart slug (D:4)
  3 leopard geckos
  4 orcs (D:3)
  6 ball pythons
  5 giant cockroaches
  6 goblins
  6 hobgoblins
  20 kobolds
  2 quokkas (D:4)
  7 bats
  7 frilled lizards
  27 rats
113 creatures vanquished.

Notes
Turn   | Place    | Note
-------+----------+-------------------------------------------
     0 | D:1      | Esekla the Octopode Necromancer began the quest for the
                  | Orb.
     0 | D:1      | Reached XP level 1. HP: 11/11 MP: 3/3
   177 | D:2      | Found a snail-covered altar of Cheibriados.
   482 | D:2      | Found a hide-covered altar of Uskayaw.
   737 | D:2      | Found an iron altar of Okawaru.
   738 | D:2      | Noticed Terence
   876 | D:1      | Reached XP level 2. HP: 17/17 MP: 3/5
  1272 | D:1      | You fall into a shaft and drop 1 floor!
  1423 | D:1      | Reached XP level 3. HP: 17/22 MP: 6/6
  1428 | D:1      | Learned a level 3 spell: Vampiric Draining
  1753 | D:2      | Found a white marble altar of Elyvilon.
  2055 | D:2      | Killed Terence
  2055 | D:2      | Reached skill level 1 in Fighting
  2055 | D:2      | Reached XP level 4. HP: 15/28 MP: 3/7
  2160 | D:3      | Found a bloodstained altar of Trog.
  2161 | D:3      | Found a burning altar of Makhleb.
  2278 | D:3      | Found a glowing drain.
  2314 | Sewer    | Entered a sewer
  2556 | Sewer    | Noticed a big kobold
  2616 | Sewer    | Reached skill level 1 in Short Blades
  2686 | Sewer    | Killed a big kobold
  2686 | Sewer    | Reached skill level 1 in Shields
  2686 | Sewer    | Reached XP level 5. HP: 9/33 MP: 2/9
  3080 | Sewer    | Noticed a big kobold
  3192 | Sewer    | Killed a big kobold
  3192 | Sewer    | Reached XP level 6. HP: 35/38 MP: 3/10
  3840 | D:3      | Found a shimmering blue altar of Sif Muna.
  3906 | D:3      | Noticed Natasha
  3996 | D:3      | Killed Natasha
  3996 | D:3      | Reached skill level 1 in Throwing
  4098 | D:3      | You fall into a shaft and drop 1 floor!
  4225 | D:4      | Found a staircase to the Ecumenical Temple.
  4241 | Temple   | Entered the Ecumenical Temple
  4257 | Temple   | Became a worshipper of Gozag Ym Sagoz the Greedy
  4327 | D:4      | Reached XP level 7. HP: 14/45 MP: 7/11
  4640 | D:3      | Noticed Natasha
  4648 | D:3      | Killed Natasha
  4684 | D:4      | Noticed Pikel
  4701 | D:4      | HP: 2/45 [Pikel/+2 whip of flaming (1)]
  4701 | D:4      | Slain by a slave

Illustrated notes

Levels and vault maps discovered:
D:1:      lightli_arrival_windingriver, layout_basic
D:2:      layout_rooms, eat_drink_and_be_merry_uskayaw,
          okawaru_metal_pillars_1_2, elyvilon_altar_3, cheibriados_altar_1,
          minivault_25, uniq_terence
D:3:      layout_basic, chequers_temple_overflow_statue_of_worship,
          lemuel_doored_altar, gup_sewer_entry_pipe, first_ration, uniq_natasha
D:4:      lemuel_upstairs_altar, layout_basic,
          minmay_temple_entry_statues_pillars, grunt_ministairs_13,
          uniq_blork_the_orc, uniq_grinder, uniq_pikel
Temple:   jpeg_temple_island

Skill      XL: |  1  2  3  4  5  6 |
---------------+-------------------+-----
Stealth        | 3 |  3.0
Fighting       | 1 2 |  2.1
Short Blades   | 2 3 |  3.6
Shields        | 1 |  1.9
Spellcasting   | 3 |  3.1
Throwing       | 1 |  1.8
Dodging        | 3 |  3.1
Necromancy     | |  4.5

Action                   |  1- 3 |  4- 6 |  7- 9 || total
-------------------------+-------+-------+-------++-------
Melee: Spear             |    13 |     9 |       ||    22
       Constrict         |    10 |    46 |     3 ||    59
       Unarmed           |     2 |       |       ||     2
       Short sword       |    31 |   181 |    20 ||   232
       Dagger            |    10 |       |       ||    10
       Tentacles         |     6 |    27 |       ||    33
Throw: Dart              |       |    28 |       ||    28
 Cast: Pain              |    13 |       |       ||    13
       Vampiric Draining |       |     5 |     5 ||    10
  Use: Scroll            |     6 |     6 |       ||    12
       Potion            |       |       |     3 ||     3
 Stab: Sleeping          |    11 |    12 |     1 ||    24
  Eat: Chunk             |     3 |     9 |       ||    12
Armor: Skin              |     4 |    14 |     2 ||    20
Dodge: Dodged            |    23 |   105 |    26 ||   154
Block: Buckler           |     5 |    29 |     8 ||    42
